 Dungeon Crawl Stone Soup version 0.16-a0-259-g9aa467b (webtiles) character file.

7891 Gorice the Spear-Bearer (level 10, -8/73 HPs)
             Began as a Demigod Wanderer on Aug 23, 2014.
             Mangled by an orc warrior
             ... wielding a +0 long sword
              (17 damage)
             ... on Level 9 of the Dungeon on Aug 24, 2014.
             The game lasted 02:07:01 (13645 turns).

Gorice the Spear-Bearer (Demigod Wanderer)         Turns: 13645, Time: 02:07:01

HP  -8/73        AC  7     Str 17      XL: 10   Next: 72%
MP  17/17        EV 19     Int 17      God:
Gold 207         SH  0     Dex 20      Spells:  0 memorised,  9 levels left

rFire  + + .     SeeInvis .     a - +1 halberd
rCold  + + .     Clarity  .     x - +2 robe {rC+ rF+}
rNeg   . . .     rCorr    .     (no shield)
rPois  .         rRot     .     (no helmet)
rElec  .         Spirit   .     K - +0 cloak
SustAb .         Warding  .     r - +0 pair of gloves
rMut   .         Stasis   .     g - +0 pair of boots
Gourm  +                        u - amulet of the gourmand
MR     +....                    m - ring of protection from cold
                                q - ring of protection from fire

@: drained, somewhat resistant to hostile enchantments, unstealthy
A: no striking features
a: no special abilities


You were on level 9 of the Dungeon.
You were very full.

You visited 3 branches of the dungeon, and saw 12 of its levels.
You also visited: Ossuary.

You collected 582 gold pieces.
You spent 375 gold pieces at shops.

Inventory:

Hand weapons
 a - a +1 halberd (weapon)
 b - a +0 hand crossbow
 n - a +2 war axe of draining
 p - a +0 dagger of protection
 y - a +2 falchion of flaming
Missiles
 j - 4 javelins (quivered)
 C - 7 bolts
 F - 9 bolts of flame
 P - 3 poisoned bolts
 X - 8 javelins of returning
 Y - 2 throwing nets
 Z - 38 stones
Armour
 g - a +0 pair of boots (worn)
 r - a +0 pair of gloves (worn)
 x - a +2 robe of resistance (worn)
 K - a +0 cloak (worn)
Magical devices
 i - a wand of frost (8)
 o - a wand of teleportation (3)
 w - a wand of polymorph (5)
 E - a wand of slowing (8)
 I - a wand of confusion (1)
 S - a wand of fireball (0)
Comestibles
 f - a beef jerky
 h - 12 fruits
 t - 6 slices of pizza
 z - 2 meat rations
 G - 7 bread rations
Scrolls
 c - 2 scrolls of teleportation
 B - a scroll of enchant armour
 J - 4 scrolls of amnesia
 U - 5 scrolls of remove curse
 V - 5 scrolls of identify
Jewellery
 m - a ring of protection from cold (right hand)
 q - a ring of protection from fire (left hand)
 s - the amulet "Styr Opi" {+Rage +Inv}
   (You found it on level 7 of the Dungeon)

   [amulet of rage]

   It lets you turn invisible.
   It lets you go berserk.
 u - an amulet of the gourmand (around neck)
 v - an uncursed ring of fire
 H - an uncursed ring of invisibility
Potions
 e - a potion of flight
 k - a potion of might
 D - 3 potions of curing
Books
 M - a book of Cantrips

   Spells                             Type                      Level
   Corona                             Hexes                        1
   Animate Skeleton                   Necromancy                   1
   Summon Small Mammal                Summoning                    1
   Apportation                        Translocation                1
Rods
 d - a +0 rod of striking (12/12)
   (You found it on level 8 of the Dungeon)


   Skills:
 - Level 1.7(1.4) Fighting
 * Level 13.0(12.5) Polearms
   Level 1.0(0.6) Bows
 - Level 1.0(0.6) Throwing
 + Level 8.6(8.2) Dodging
 - Level 2.0(1.6) Stealth
   Level 1.0(0.6) Shields


You had 9 spell levels left.
You didn't know any spells.

Dungeon Overview and Level Annotations

Branches:
Dungeon (10/15)            Temple (1/1) D:4            Lair (1/8) D:8
    Orc: D:9-12

Shops:
D:6 }!*[

Annotations:
D:8 farmed hydra, Sif orc wiz moat, isol vault 4xFe golem, exclusion: 3 doors


Message History

There is a stone staircase leading down here.
The orc priest calls down the wrath of Beogh upon you.
Something smites you!
* * * LOW HITPOINT WARNING * * *
The orc priest barely misses you.
You hit the orc warrior.
The orc warrior is lightly wounded.
The orc warrior hits you with a long sword!
* * * LOW HITPOINT WARNING * * *
The orc priest glows brightly for a moment.
Drink which item? (? for menu, Esc to quit)
You feel better.
The orc priest mumbles some strange prayers to Beogh against you.
Something smites you!
* * * LOW HITPOINT WARNING * * *
Read which item? (? for menu, Esc to quit)
As you read the scroll of summoning, it crumbles to dust.
Wisps of shadow whirl around you...
The orc warrior hits you with a long sword!
You die...

#.# ##..# ##..###..##..#
# #.# ##.##
##..####.....# # #.##
##.####....# ##....####
#####..# ##..#..##.##
##..###.. .......##
##...####.####..#....
........# ###...#
##.........).
##....######.....##
##........)## ######
#..#####..###..........##
#.## ##@Y#...####.....#
#.# ##oO#..### ##...##
#.# ##.####.## ###...#
##.###.## #..####.....##
#######..##..#
##...........#
#.......###o##
#######..##.## #...<..##
#.## #.####.#
#......####..##### #.#
##. #........#.>.....#
#.## ##


You could see an orc warrior, an orc priest, a friendly ice beast and a friendly
ogre.

Vanquished Creatures
  A spiny frog (Lair:1)
  Psyche (D:8)
  A komodo dragon (Lair:1)
  A troll (D:9)
  Prince Ribbit (D:4)
  2 blink frogs (Lair:1)
  6 yaks
  2 steam dragons (D:7)
  The ghost of soonmide the Twirler, an average DrGl of Makhleb (D:4)
  2 porcupines (Lair:1)
  A black bear (D:6)
  4 orc warriors
  7 ogres
  A phantom (D:7)
  2 crocodiles (Lair:1)
  4 ice beasts
  3 centaurs (D:8)
  2 big kobolds (D:8)
  6 giant frogs
  An elf zombie (Ossuary)
  A scorpion (D:4)
  A water moccasin skeleton (D:9)
  A water moccasin zombie (D:8)
  10 killer bees
  A crimson imp (D:5)
  A troll skeleton (D:8)
  2 centaur zombies
  2 goliath beetles (D:6)
  A jelly (D:7)
  6 orc priests
  5 hounds
  3 iguanas
  A worker ant (D:6)
  An elf skeleton (D:9)
  A gnoll shaman (D:5)
  6 orc wizards
  2 sheep (D:8)
  5 mummies
  9 gnolls
  An orc skeleton (D:6)
  4 shadow imps
  2 giant mites
  14 adders
  An inept feature mimic (D:6)
  3 worms
  5 adder zombies (Ossuary)
  An orc zombie (D:7)
  3 giant geckos
  50 orcs
  16 bats
  12 giant cockroaches
  19 hobgoblins
  10 jackals
  15 kobolds
  An ooze (D:1)
  9 quokkas
  4 giant newts
  18 goblins
  2 goblin zombies (Ossuary)
  4 hobgoblin zombies (Ossuary)
  2 kobold zombies (Ossuary)
  3 quokka zombies (Ossuary)
  22 rats
  A rat zombie (Ossuary)
  A fungus (D:8)
331 creatures vanquished.

Vanquished Creatures (others)
  An iguana (D:6)
  A bat (D:6)
  A hobgoblin (D:4)
  A jackal (D:4)
4 creatures vanquished.

Grand Total: 335 creatures vanquished

Notes
Turn   | Place    | Note
--------------------------------------------------------------
     0 | D:1      | Gorice, the Demigod Wanderer, began the quest for the Orb.
     0 | D:1      | Reached XP level 1. HP: 17/17 MP: 2/2
    99 | D:1      | Reached skill level 4 in Polearms
    99 | D:1      | Reached XP level 2. HP: 19/24 MP: 3/3
   465 | D:1      | Reached XP level 3. HP: 29/29 MP: 5/5
  1018 | D:2      | Reached XP level 4. HP: 29/36 MP: 7/7
  1040 | D:2      | Reached skill level 1 in Dodging
  1505 | D:3      | Reached skill level 5 in Polearms
  2378 | D:4      | Reached XP level 5. HP: 41/41 MP: 8/8
  2435 | D:4      | Noticed Prince Ribbit
  2735 | D:4      | Found a sand-covered staircase.
  2755 | Ossuary  | Entered an ossuary
  2998 | Ossuary  | Reached skill level 6 in Polearms
  3059 | Ossuary  | Reached XP level 6. HP: 17/48 MP: 10/10
  3356 | D:4      | Found a staircase to the Ecumenical Temple.
  3366 | D:4      | Noticed soonmide's ghost (average DrGl)
  3386 | D:4      | Killed soonmide's ghost
  3403 | Temple   | Entered the Ecumenical Temple
  4035 | D:4      | Found a shimmering altar of Xom.
  4217 | D:5      | Entered Level 5 of the Dungeon
  4249 | D:4      | Reached skill level 7 in Polearms
  4249 | D:4      | Reached XP level 7. HP: 13/53 MP: 12/12
  4882 | D:5      | Reached skill level 8 in Polearms
  5381 | D:6      | Reached XP level 8. HP: 26/60 MP: 13/13
  5426 | D:6      | Found Thir's Food Emporium.
  5515 | D:6      | Found Petach's Distillery.
  5522 | D:6      | Bought a potion of poison for 12 gold pieces
  5522 | D:6      | Bought a potion of restore abilities for 36 gold pieces
  5527 | D:6      | Thir's Food Emporium was a mimic.
  5754 | D:6      | Upgraded the game from 0.16-a0-253-g996e5b4 to 0.16-a0-259-g9aa467b
  5757 | D:6      | Reached skill level 9 in Polearms
  5896 | D:6      | Found Socvot's Gadget Emporium.
  6322 | D:6      | Reached skill level 5 in Dodging
  6622 | D:6      | Found Qawes' Antique Armour Shop.
  6719 | D:6      | Found Dupudop's Assorted Antiques.
  7082 | D:7      | Got a shimmering garnet amulet
  7125 | D:7      | Reached skill level 10 in Polearms
  7305 | D:7      | Found a blossoming altar of Fedhas.
  7306 | D:7      | Found a bloodstained altar of Trog.
  7346 | D:7      | Reached XP level 9. HP: 48/67 MP: 15/15
  8237 | D:6      | Bought a scroll of remove curse for 72 gold pieces
  8237 | D:6      | Bought a scroll of identify for 48 gold pieces
  8295 | D:6      | Bought a brightly glowing ring mail for 207 gold pieces
  8414 | Temple   | Identified the +0 ring mail of the Moon {rF++ Dex+2} (You bought it in a shop on level 6 of the Dungeon)
  8462 | Temple   | Identified the amulet "Styr Opi" {+Rage +Inv} (You found it on level 7 of the Dungeon)
  8578 | D:4      | Killed Prince Ribbit
  8758 | D:8      | Noticed an iron golem
  8758 | D:8      | Noticed an iron golem
  8758 | D:8      | Noticed an iron golem
  8758 | D:8      | Noticed an iron golem
  8851 | D:8      | Found a staircase to the Lair.
  8906 | D:8      | Identified a +0 rod of striking (12/12) (You found it on level 8 of the Dungeon)
  8938 | D:8      | Reached skill level 11 in Polearms
  8975 | D:8      | Found a snail-covered altar of Cheibriados.
  9054 | D:8      | Noticed Psyche
  9072 | D:8      | Killed Psyche
  9712 | D:8      | Found a bloodstained altar of Trog.
 10058 | D:8      | Found a deep blue altar of Sif Muna.
 10303 | D:8      | Reached XP level 10. HP: 42/73 MP: 17/17
 10590 | D:9      | Reached skill level 12 in Polearms
 11385 | D:9      | Found a shadowy altar of Dithmenos.
 11987 | Lair:1   | Entered Level 1 of the Lair of Beasts
 12462 | Lair:1   | HP: 3/73 [komodo dragon (18)]
 13316 | Lair:1   | Reached skill level 13 in Polearms
 13612 | D:10     | Entered Level 10 of the Dungeon
 13645 | D:9      | Mangled by an orc warrior

Action                   |  1- 3 |  4- 6 |  7- 9 | 10-12 || total
-------------------------+-------+-------+-------+-------++-------
Melee: Spear             |   124 |   419 |    48 |       ||   591
       Halberd           |       |       |   361 |   226 ||   587
 Fire: Hand crossbow     |       |       |   168 |    80 ||   248
       Hunting sling     |       |       |     6 |       ||     6
Throw: Stone             |    35 |    12 |       |       ||    47
       Javelin           |       |    11 |    13 |     8 ||    32
Evoke: Wand              |       |     2 |     9 |    13 ||    24
  Use: Scroll            |       |    12 |     9 |     6 ||    27
       Potion            |       |     4 |     3 |     9 ||    16
 Stab: Sleeping          |     3 |     7 |     4 |       ||    14
       Distracted        |       |     2 |     3 |     1 ||     6
       Confused          |       |       |     1 |       ||     1
  Eat: Chunk             |       |    23 |    21 |    11 ||    55
